 Dungeon Crawl Stone Soup version 0.27-a0-249-g74f53ef629 (webtiles) character file.

Game seed: 18373725907889457892

27 heikuro the Skirmisher (level 3, -1/29 HPs)
             Began as a Formicid Abyssal Knight on Feb 3, 2021.
             Was a Follower of Lugonu.
             Slain by a leopard gecko (4 damage)
             ... on level 1 of the Dungeon.
             The game lasted 00:01:52 (883 turns).

heikuro the Skirmisher (Formicid Abyssal Knight)     Turns: 883, Time: 00:01:52

Health: -1/29      AC:  3    Str: 17    XL:     3   Next: 25%
Magic:  4/4        EV:  8    Int: 11    God:    Lugonu [*.....]
Gold:   68         SH:  7    Dex: 10    Spells: 2/2 levels left

rFire    . . .     SeeInvis +   a - +1 hand axe
rCold    . . .     Faith    .   h - +0 kite shield
rNeg     . . .     Spirit   .   b - +0 leather armour
rPois    .         Reflect  .   (helmet unavailable)
rElec    .         Harm     .   (no cloak)
rCorr    .         Rampage  .   (no gloves)
Will     .....                  (no boots)
Stlth    +.........             (no amulet)
HPRegen  0.09/turn              (no ring)
MPRegen  0.09/turn              (no ring)

@: no status effects
A: permanent stasis, dig shafts and tunnels, four strong arms, antennae 3
a: Dig, Shaft Self, Renounce Religion, Depart the Abyss


You were on level 1 of the Dungeon.
You worshipped Lugonu.
Lugonu was aware of your devotion.
You visited 1 branch of the dungeon, and saw 2 of its levels.
You visited the Abyss 1 time.

You collected 68 gold pieces.

Inventory:

Hand Weapons
 a - a +1 hand axe (weapon)
Armour
 b - a +0 leather armour (worn)
 h - a +0 kite shield (worn)
Jewellery
 e - an uncursed ring of protection from fire {unknown}
 i - an uncursed ring of willpower {unknown}
Scrolls
 c - a scroll of identify
 g - a scroll of teleportation {unknown}
 k - a scroll of enchant armour {unknown}
Potions
 d - a potion of curing
 f - a potion of attraction
 j - a potion of heal wounds


   Skills:
 + Level 3.5 Fighting
 * Level 2.7 Axes
 + Level 2.5 Armour
 - Level 1.0 Dodging
 + Level 0.5 Shields
 + Level 2.5 Invocations


You had 2 spell levels left.
You didn't know any spells.
Your spell library was empty.

Dungeon Overview and Level Annotations

Branches:
Dungeon (2/15)

Altars:
Nemelex Xobeh


Innate Abilities, Weirdness & Mutations

You cannot be hasted, slowed, berserked, paralysed or teleported.
You can dig through walls and to a lower floor.
Your four strong arms can wield two-handed weapons with a shield.
You have a pair of large antennae on your head. (SInv)


Message History

You miss the leopard gecko. You hit the jackal but do no damage.
You block the jackal's attack. The kobold completely misses you.
You block the leopard gecko's attack. The jackal bites you.
* * * LOW HITPOINT WARNING * * *
The kobold hits you but does no damage.
You hit the kobold but do no damage.
The kobold is severely wounded.
You closely miss the leopard gecko. You miss the jackal.
The jackal closely misses you. The leopard gecko bites you.
* * * LOW HITPOINT WARNING * * *
The kobold barely misses you.
The jackal bites you but does no damage.
The leopard gecko barely misses you.
You hit the kobold.
You kill the kobold!
Lugonu accepts your kill.
You hit the jackal. You closely miss the leopard gecko. The jackal bites you.
* * * LOW HITPOINT WARNING * * *
The leopard gecko bites you.
You die...

#.#........# ##............#
..##.......####.............#
..#....###.##...............#
....#..###....###..........##
.#.#........#....#...##...##
.......#########.##########
.##..#.### #.# .##.##...#
#$######### ....####.#
#@lh......# ..#.# #.#
##h.......# ....# #.###
#........# .#### #...#
###........# .#
#######.####..........#
####.....#......#........#
###..............#########
##................#
#................#


You could see a leopard gecko and 2 jackals.

Vanquished Creatures
  An adder (D:2)
  A leopard gecko (D:2)
  A giant cockroach (D:2)
  2 goblins
  A hobgoblin (D:1)
  A ball python (D:1)
  4 bats
  A frilled lizard (D:1)
  4 kobolds (D:1)
  5 rats
21 creatures vanquished.

Vanquished Creatures (others)
  3 plants (D:2)
3 creatures vanquished.

Grand Total: 24 creatures vanquished

Notes
Turn   | Place    | Note
-------+----------+-------------------------------------------
     0 | Abyss:1  | heikuro the Formicid Abyssal Knight began the quest for the
                  | Orb.
     0 | Abyss:1  | Reached XP level 1. HP: 18/18 MP: 2/2
     5 | Abyss:1  | Found a corrupted altar of Lugonu.
    18 | Abyss:1  | Noticed a smoke demon
    21 | D:1      | Escaped the Abyss
    74 | D:1      | Found a sparkling altar of Nemelex Xobeh.
   134 | D:1      | Reached * piety under Lugonu
   151 | D:1      | Reached skill level 1 in Dodging
   162 | D:1      | Reached XP level 2. HP: 24/24 MP: 3/3
   794 | D:2      | Reached XP level 3. HP: 25/29 MP: 4/4
   883 | D:1      | Slain by a leopard gecko

Illustrated notes

Levels and vault maps discovered:
D:1:      eino_arrival_cavern_e, layout_rooms, nemelex_xobeh_ov_fountains_minmay
D:2:      layout_loops_corners, lemuel_crystal_altar, old_standard_altar,
          chequers_big_river, minmay_pentomino_w4, uniq_terence

Skill      XL: |  1 |
---------------+----+-----
Dodging        | 1 |  1.0
Fighting       | |  3.5
Axes           | |  2.7
Armour         | |  2.5
Shields        | |  0.5
Invocations    | |  2.5

Action                   || total
-------------------------++-------
Melee: Hand axe          ||    61
Invok: Depart the Abyss  ||     1
  Use: Scroll            ||     4
Armor: Leather armour    ||    23
Dodge: Dodged            ||    38
Block: Kite shield       ||    14

Table legend: (Time is in decaauts)
 A = Elapsed time spent in this place.
 B = Non-inter-level travel time spent in this place.
 C = Inter-level travel time spent in this place.
 D = Time resting spent in this place.
 E = Time spent auto-exploring this place.
 F = Levels seen in this place.
 G = Mean time per level.
                   A        B        C        D        E       F      G
               +--------+--------+--------+--------+--------+-----+--------+
         Total |    902 |    841 |     61 |    185 |    375 |   3 |  300.7 |
       Dungeon |    881 |    820 |     61 |    185 |    375 |   2 |  440.5 |
         Abyss |     21 |     21 |      0 |      0 |      0 |   1 |   21.0 |
               +--------+--------+--------+--------+--------+-----+--------+

Top non-repeatable levels by time:
     D:1: 772 daAuts
     D:2: 109 daAuts
 Abyss:1: 21 daAuts
